 Dungeon Crawl Stone Soup version 0.30-a0-58-gc0703345a7 (webtiles) character file.

Game seed: 17742530019114153963

3964 ytrimaz the Thaumaturge (level 10, -1/64 (69) HPs)
             Began as an Octopode Transmuter on Sept 11, 2022.
             Was an Initiate of Ashenzari.
             Killed from afar by Josephine (19 damage)
             ... with a ghostly fireball
             ... on level 10 of the Dungeon.
             The game lasted 00:15:38 (9073 turns).

ytrimaz the Thaumaturge (Octopode Transmuter)       Turns: 9073, Time: 00:15:38

HP:   -1/64 (69)    AC: 12    Str: 11    XL:     10   Next: 22%
MP:   23/23         EV: 10    Int: 19    God:    Ashenzari [......]
Gold: 551           SH:  0    Dex: 12    Spells: 18/27 levels left

rFire   x . .      SeeInvis .      - Unarmed
rCold   + + +      Faith    .    (shield currently unavailable)
rNeg    . . .      Spirit   .    (helmet currently unavailable)
rPois   +          Reflect  .    s - amulet of regeneration
rElec   .          Harm     .    a - +4 ring of protection
rCorr   .          Rampage  .    (no ring)
Will    .....                    (no ring)
Stlth   +.........               (no ring)
HPRegen 1.00/turn                (no ring)
MPRegen 0.18/turn                (no ring)
                                 (no ring)
                                 (no ring)

@: ice-form, slowed, drained, very slow
A: freezing attack, boosted hp, almost no armour, amphibious, 8 rings, large,
(camouflage 1), (gelatinous body 1), (nimble swimmer 1), (tentacles)
a: End Transformation, Renounce Religion, Curse Item


You were on level 10 of the Dungeon.
You worshipped Ashenzari.
Ashenzari was noncommittal.
You were a creature of crystalline ice.
You visited 2 branches of the dungeon, and saw 11 of its levels.

You collected 551 gold pieces.


Innate Abilities, Weirdness & Mutations

You are a creature of crystalline ice.
You have a powerful freezing melee attack.
Your maximum health is increased.
Your armour is entirely melded.
You are incapable of wielding weapons or throwing items.
You cannot wear most types of armour.
You are amphibious.
You can wear up to eight rings at the same time.
((Your skin changes colour to match your surroundings (Stealth+).))
((Your rubbery body absorbs attacks. (AC +1, EV +1)))
((You are camouflaged when in or above water. (Stealth+)))
((You have tentacles for arms and can constrict up to eight enemies at once.))


   Skills:
 - Level 1.0 Fighting
 - Level 2.0 Dodging
 + Level 6.0 Unarmed Combat
 + Level 9.1 Spellcasting
 - Level 8.0 Transmutations
 - Level 4.0 Ice Magic
 - Level 4.0 Poison Magic


You had 18 spell levels left.
You knew the following spells:

 Your Spells              Type           Power      Damage    Failure   Level
b - Wereblood             Tmut           39%        N/A       1%          2
c - Spider Form           Tmut/Pois      31%        N/A       1%          3
d - Ice Form              Ice/Tmut       31%        N/A       7%          4

Your spell library contained the following spells:

 Spells                   Type           Power      Damage    Failure   Level
 Beastly Appendage        Tmut           78%        N/A       1%          1
 Magic Dart               Conj           32%        1d4       9%          1
 Blink                    Tloc           16%        N/A       12%         2
 Call Imp                 Summ           8%         N/A       12%         2
 Searing Ray              Conj           16%        2d5       12%         2
 Mephitic Cloud           Conj/Pois/Air  13%        N/A       14%         3
 Fulminant Prism          Conj/Hex       4%         3d6       63%         4
 Fireball                 Conj/Fire      4%         3d4       92%         5
 Iskenderun's Battlesphe  Conj           8%         2d6       92%         5
 Manifold Assault         Tloc           8%         N/A       92%         5
 Iron Shot                Conj/Erth      4%         9d2       100%        6
 Storm Form               Tmut/Air       11%        N/A       100%        7

Inventory:

Missiles
 v - a throwing net
Jewellery
 a - a +4 ring of protection (left front paw)
   (You found it on level 3 of the Dungeon)
 h - an amulet of guardian spirit
   (You found it on level 1 of the Dungeon)
 s - an amulet of regeneration (around neck)
   (You found it on level 6 of the Dungeon)
Wands
 g - a wand of charming (4)
   (You found it on level 9 of the Dungeon)
 t - a wand of flame (24)
   (You found it on level 6 of the Dungeon)
 u - a wand of light (5)
   (You found it on level 6 of the Dungeon)
 w - a wand of iceblast (2)
   (You found it on level 7 of the Dungeon)
Scrolls
 b - 2 scrolls of enchant armour
 i - 2 scrolls of magic mapping
 j - a scroll of vulnerability
 l - 2 scrolls of fear
 n - 2 scrolls of noise
 p - 3 scrolls of immolation
 q - 2 scrolls of enchant weapon
 r - a scroll of identify
Potions
 c - a potion of brilliance
 d - 4 potions of attraction
 k - 2 potions of mutation

Dungeon Overview and Level Annotations

Branches:
Dungeon (10/15) Zot: 26741  Temple (1/1) D:7 Zot: 5793
   Lair: D:8-11         Orc: D:9-12

Altars:
Ashenzari
Cheibriados
Dithmenos
Elyvilon
Fedhas
Hepliaklqana
Kikubaaqudgha
Makhleb
Nemelex Xobeh
Okawaru
Qazlal
Ru
Sif Muna
Trog
Uskayaw
Vehumet
Wu Jian
Xom
Yredelemnul
Zin
The Shining One

Shops:
D:9 (

Annotations:
D:6 exclusion: troll
D:9 2 transporters, exclusion: troll
D:10 Josephine

###.####
#######.####
#......#
#.§.§§#.....
#.#.##.#
#.§§§§######
#.#.##.# #..§§§#
#.#..#.# #§§§§.#
#.##.#.# #§...§#
#.##.#.# ###.###
#......#####.###
####Y####......#
######.##
#..###$...#
#.....W.###..#
......
#.####..##...#
.@...
#..@.#......#..##
##.##..#..#.#..#
#.###......> .)
... ####.### ###.
.#


You could see Josephine and a wraith.


Message History

You now have 56 max hp (-2).
You take 15 damage, and now have 43/56 hp.
MASSIVE DAMAGE!! (PAUSE) 😕 HP[+2]
You regained 2 hp, and now have 45/56 hp.
Casting: Wereblood (safe; 1% risk of failure)
Confirm with . or Enter, or press ? or * to list all spells.
You turn into a creature of crystalline ice. 😕 HP[+10] MP[-4]
You now have 67 max hp (+11).
You regained 10 hp, and now have 55/67 hp.
You lost 4 mp, and now have 19/23 mp.
A wraith comes into view.
Josephine hits you with a +3 dagger of speed.
Josephine hits you but does no damage. 😕 HP[-2]
You take 2 damage, and now have 53/67 hp.
You punch Josephine! You freeze Josephine.
Josephine hits you with a +3 dagger of speed!
Josephine hits you but does no damage. The wraith hits you!
* * * LOW HITPOINT WARNING * * *
The wraith drains your vigour!
You feel as though you will be slow longer. 😨 HP[-21]
You take 21 damage, and now have 32/67 hp.
MASSIVE DAMAGE!! (PAUSE)
You hit Josephine. You freeze Josephine.
Josephine hits you with a +3 dagger of speed!
* * * LOW HITPOINT WARNING * * *
The wraith hits you but does no damage.
Josephine hits you with a +3 dagger of speed.
* * * LOW HITPOINT WARNING * * *
Josephine hits you with a +3 dagger of speed.
* * * LOW HITPOINT WARNING * * *
😨 HP[-12] MP[+1]
You take 12 damage, and now have 20/67 hp.
Unknown command.
Unknown command.
As you read the scroll of fear, it crumbles to dust.
You assume a fearsome visage.
Josephine looks frightened!
The wraith is unaffected.
The wraith barely misses you.
The wraith misses you. 😨 HP[+1] Unknown command.
The wraith misses you.
Josephine howls in fear. 😨 HP[+2]
You regained 2 hp, and now have 23/67 hp.
Unknown command.
The wraith hits you but does no damage. The wraith hits you!
* * * LOW HITPOINT WARNING * * *
The wraith drains your vigour!
You feel as though you will be slow longer. 😨 HP[-6]
You take 6 damage, and now have 17/67 hp.
The wraith attacks as you move away!
The wraith hits you but does no damage. 😨 HP[+2] MP[+1]
You regained 2 hp, and now have 19/67 hp.
Unknown command.
The wraith hits you but does no damage. 😨 HP[+1] 😨 HP[+2]
You regained 2 hp, and now have 22/67 hp.
The wraith attacks as you move away! The wraith barely misses you.
The wraith closely misses you. 😨 HP[+1] MP[+1]
The wraith attacks as you move away! The wraith closely misses you. 😨 HP[+2]
You regained 2 hp, and now have 25/67 hp.
The wraith barely misses you. x2 😨 HP[+1]
The wraith attacks as you move away! The wraith hits you but does no damage.
Found a stone staircase leading down. 😨 HP[+2]
You regained 2 hp, and now have 28/67 hp.
The wraith hits you but does no damage. 😨 HP[+1] MP[+1]
Your mp is fully restored (23).
The wraith attacks as you move away! The wraith misses you. 😨 HP[+2]
You regained 2 hp, and now have 31/67 hp.
The wraith attacks as you move away! The wraith completely misses you.
The wraith hits you!
* * * LOW HITPOINT WARNING * * *
😨 HP[-7]
You take 7 damage, and now have 24/67 hp.
The wraith attacks as you move away! The wraith hits you!
* * * LOW HITPOINT WARNING * * *
The wraith drains your vigour!
You feel as though you will be slow longer. 😱 HP[-9]
You take 9 damage, and now have 15/67 hp.
The wraith attacks as you move away! The wraith hits you but does no damage.
The wraith closely misses you. 😱 HP[+1]
The wraith attacks as you move away! The wraith closely misses you.
Josephine casts a spell at you.
The ghostly flame explodes!
The ghostly fireball engulfs you!!
You feel drained.
You die...

Skill      XL: |  1  2  3  4  5  6  7  8  9 10 |
---------------+-------------------------------+-----
Poison Magic   | 2 3 4 |  4.0
Ice Magic      | 1 2 3 4 |  4.0
Transmutations | 3 5 7 8 |  8.0
Spellcasting   | 3 4 6 8 9 |  9.1
Unarmed Combat | 5 6 |  6.0
Fighting       | |  1.0
Dodging        | |  2.0

Action                   |  1- 3 |  4- 6 |  7- 9 | 10-12 || total
-------------------------+-------+-------+-------+-------++-------
Melee: Unarmed           |    69 |   137 |   312 |    53 ||   571
       Constrict         |    17 |     9 |       |       ||    26
       Tentacles         |    10 |    10 |       |       ||    20
       Kick              |     4 |       |       |       ||     4
       Punch             |     1 |       |     1 |       ||     2
 Cast: Beastly Appendage |     6 |       |       |       ||     6
       Spider Form       |     2 |    16 |     2 |       ||    20
       Wereblood         |       |     3 |     7 |     1 ||    11
       Ice Form          |       |     1 |    28 |     6 ||    35
Evoke: Wand              |       |       |     1 |       ||     1
  Use: Scroll            |     4 |     8 |     5 |     3 ||    20
       Potion            |     6 |     3 |     5 |     3 ||    17
 Stab: Sleeping          |     4 |     2 |       |       ||     6
Armor: Skin              |     8 |    21 |   142 |    29 ||   200
Dodge: Dodged            |    59 |   114 |   146 |    46 ||   365

Levels and vault maps discovered:
D:1:      minmay_arrival_split_and_join, layout_basic
D:2:      layout_basic, basic_altar
D:3:      layout_basic, mainiacjoe_overflow_alcove_4,
          gammafunk_temple_overflow_statue, uniq_sigmund, uniq_terence,
          uniq_ijyb
D:4:      layout_rooms, uniq_blork_the_orc
D:5:      layout_gridville, serial_rivers, chequers_serial_rivers_micro_a,
          chequers_serial_rivers_small_b, chequers_serial_rivers_marsh,
          chequers_serial_rivers_micro_e, chequers_serial_rivers_room_b,
          chequers_serial_rivers_micro_e
D:6:      layout_basic, minmay_ogre_servants
D:7:      layout_basic, minmay_temple_entry_ruins, uniq_menkaure
D:8:      layout_rooms
D:9:      layout_gridville, pdpol_temple_overflow_zin_treasury_gozag_greed,
          serial_shops, shop_statue, nicolae_diode_stairs
D:10:     layout_loops_cross, due_lair_maze_entry_diamond, special_room
          [special_room_bee], uniq_josephine
Temple:   bh_familiar_temple

Notes
Turn   | Place    | Note
-------+----------+-------------------------------------------
     0 | D:1      | ytrimaz the Octopode Transmuter began the quest for the
                  | Orb.
     0 | D:1      | Reached XP level 1. HP: 13/13 MP: 3/3
     0 | D:1      | magus.rc [v1.9.6]
   116 | D:1      | Reached skill level 1 in Poison Magic
   380 | D:1      | Reached skill level 2 in Poison Magic
   380 | D:1      | Reached XP level 2. HP: 12/18 MP: 5/5
   463 | D:1      | Learned a level 2 spell: Wereblood
   485 | D:1      | You pick up a book of Minor Magic and begin reading...
   485 | D:1      | You add the spells Magic Dart, Call Imp and Mephitic Cloud
                  | to your library.
  1044 | D:1      | Reached skill level 3 in Poison Magic
  1238 | D:1      | Reached XP level 3. HP: 21/23 MP: 6/6
  1242 | D:1      | Learned a level 3 spell: Spider Form
  1427 | D:2      | Reached skill level 1 in Ice Magic
  1439 | D:2      | Reached XP level 4. HP: 22/28 MP: 0/7
  1695 | D:2      | Found a white marble altar of Elyvilon.
  1907 | D:2      | Reached skill level 4 in Poison Magic
  1945 | D:2      | Reached skill level 2 in Ice Magic
  2675 | D:3      | Reached XP level 5. HP: 16/33 MP: 4/8
  2879 | D:3      | Noticed Sigmund
  2879 | D:3      | Noticed Terence
  2905 | D:3      | Killed Sigmund
  2906 | D:3      | Reached skill level 3 in Ice Magic
  2906 | D:3      | Reached XP level 6. HP: 38/38 MP: 9/9
  2933 | D:3      | Killed Terence
  2934 | D:3      | Reached skill level 4 in Ice Magic
  3247 | D:3      | Found a bloodstained altar of Trog.
  3248 | D:3      | Found a snail-covered altar of Cheibriados.
  3267 | D:3      | Noticed Ijyb
  3306 | D:3      | Killed Ijyb
  3307 | D:3      | Reached skill level 3 in Transmutations
  3555 | D:3      | Reached skill level 3 in Spellcasting
  3671 | D:3      | Learned a level 4 spell: Ice Form
  4001 | D:3      | Found a blossoming altar of Fedhas.
  4335 | D:4      | You add the spells Fireball, Iskenderun's Battlesphere and
                  | Iron Shot to your library.
  4335 | D:4      | Got the Folio of Combat Magic
  4491 | D:4      | Noticed Blork the orc
  4503 | D:4      | Killed Blork the orc
  4504 | D:4      | Reached XP level 7. HP: 43/43 MP: 1/12
  4509 | D:4      | Reached skill level 4 in Transmutations
  4736 | D:5      | Entered Level 5 of the Dungeon
  4987 | D:5      | Identified the +1 leather armour of the Vestibule of Hell
                  | {rF+ Regen+ Dex-4 Stlth+}
  5363 | D:5      | Reached skill level 4 in Spellcasting
  5462 | D:6      | Noticed a troll
  5592 | D:6      | Reached skill level 5 in Transmutations
  5688 | D:6      | Reached XP level 8. HP: 48/48 MP: 9/15
  5896 | D:6      | Reached skill level 5 in Spellcasting
  6156 | D:6      | Reached skill level 6 in Transmutations
  6631 | D:7      | You pick up a book of Conjurations and begin reading...
  6631 | D:7      | You add the spells Searing Ray and Fulminant Prism to your
                  | library.
  6740 | D:7      | Reached skill level 6 in Spellcasting
  6777 | D:7      | Reached skill level 7 in Transmutations
  6781 | D:7      | Reached XP level 9. HP: 35/53 MP: 14/18
  6895 | D:7      | Reached skill level 7 in Spellcasting
  6911 | D:7      | Found a staircase to the Ecumenical Temple.
  6922 | Temple   | Entered the Ecumenical Temple
  7105 | Temple   | Became a worshipper of Ashenzari the Shackled
  7155 | D:7      | Noticed Menkaure
  7264 | D:7      | HP: 15/61 [Menkaure (18)]
  7267 | D:7      | Killed Menkaure
  7337 | D:7      | Reached skill level 8 in Transmutations
  7868 | D:8      | Reached skill level 8 in Spellcasting
  7946 | D:8      | Reached skill level 4 in Unarmed Combat
  7989 | D:8      | HP: 8/55 [wight/+5 mace of freezing (11)]
  8083 | D:8      | You add the spells Blink, Manifold Assault and Storm Form
                  | to your library.
  8330 | D:9      | Found a glowing silver altar of Zin.
  8348 | D:9      | Noticed a troll
  8417 | D:9      | Found a transporter.
  8459 | D:9      | Found a transporter.
  8674 | D:9      | Reached skill level 5 in Unarmed Combat
  8677 | D:9      | Reached XP level 10. HP: 57/57 MP: 18/22
  8704 | D:9      | Found Bociug's Antique Weapon Shoppe.
  8852 | D:10     | Entered Level 10 of the Dungeon
  8999 | D:10     | HP: 11/69 [wraith[Josephine] (11)]
  9015 | D:10     | Reached skill level 9 in Spellcasting
  9023 | D:10     | Reached skill level 6 in Unarmed Combat
  9051 | D:10     | Noticed Josephine
  9071 | D:10     | HP: 13/67 [wraith[Josephine] (11)]
  9073 | D:10     | Killed from afar by Josephine

Vanquished Creatures
  Sigmund (D:3)
  A wyvern (D:8)
  2 wraiths (D:10)
  2 vampire mosquitoes (D:10)
  Menkaure (D:7)
  4 water moccasins
  A sky beast (D:7)
  An ice beast (D:6)
  An ogre (D:6)
  A kobold brigand (D:7)
  Blork the orc (D:4)
  3 bullfrogs
  2 necrophages
  A scorpion (D:6)
  12 wights
  10 killer bees
  4 howler monkeys
  3 hounds
  3 orc priests
  Ijyb (D:3)
  Terence (D:3)
  3 iguanas
  5 orc wizards
  3 gnolls (D:2)
  4 adders
  A white imp (D:5)
  3 worms
  5 dart slugs
  17 orcs
  3 endoplasms
  4 giant cockroaches
  10 goblins
  4 hobgoblins
  3 jackals (D:3)
  A quokka (D:3)
  3 ball pythons
  9 bats
  5 frilled lizards
  6 kobolds
  5 rats
150 creatures vanquished.

Table legend:
 A = Non-vault XP
 B = Vault XP
 C = Vault XP percentage of total XP
 D = Non-vault monster count
 E = Vault monster count
 F = Vault count percentage of total count
                 A         B        C        D         E       F
            +---------+---------+-------+---------+---------+-------
      Total |    4577 |    1087 |  19.2 |     134 |      16 |  10.7
            +---------+---------+-------+---------+---------+-------
        D:1 |      35 |       0 |   0.0 |      22 |       0 |   0.0
        D:2 |      92 |       0 |   0.0 |      15 |       0 |   0.0
        D:3 |     150 |     286 |  65.6 |      24 |       3 |  11.1
        D:4 |     100 |     100 |  50.0 |       7 |       1 |  12.5
        D:5 |     127 |       0 |   0.0 |       5 |       0 |   0.0
        D:6 |     909 |     133 |  12.8 |      15 |       9 |  37.5
        D:7 |    1341 |     165 |  11.0 |      26 |       1 |   3.7
        D:8 |     991 |       0 |   0.0 |      10 |       0 |   0.0
        D:9 |     478 |       0 |   0.0 |       8 |       0 |   0.0
       D:10 |     354 |     403 |  53.2 |       2 |       2 |  50.0
            +---------+---------+-------+---------+---------+-------

Illustrated notes

Table legend:
 A = Kills in this place as a percentage of kills in entire the game.
 B = Kills by you in this place as a percentage of kills by you in the entire game.
 C = Kills by friends in this place as a percentage of kills by friends in the entire game.
 D = Other kills in this place as a percentage of other kills in the entire game.
 E = Experience gained in this place as a percentage of experience gained in the entire game.
 F = Experience gained in this place divided by the number of levels of this place that you have seen.
                   A       B       C       D       E      F
               +-------+-------+-------+-------+-------+----------------------
         Total | 100.0 | 100.0 |   N/A |   N/A | 100.0 | 514.9
       Dungeon | 100.0 | 100.0 |   N/A |   N/A | 100.0 | 566.4
               +-------+-------+-------+-------+-------+----------------------

Table legend: (Time is in decaauts)
 A = Elapsed time spent in this place.
 B = Non-inter-level travel time spent in this place.
 C = Inter-level travel time spent in this place.
 D = Time resting spent in this place.
 E = Time spent auto-exploring this place.
 F = Levels seen in this place.
 G = Mean time per level.
                   A        B        C        D        E       F      G
               +--------+--------+--------+--------+--------+-----+--------+
         Total |   9057 |   8835 |    222 |    463 |   6781 |  11 |  823.4 |
       Dungeon |   8850 |   8682 |    168 |    463 |   6638 |  10 |  885.0 |
        Temple |    206 |    152 |     54 |      0 |    143 |   1 |  206.0 |
               +--------+--------+--------+--------+--------+-----+--------+

Top non-repeatable levels by time:
     D:3: 1566 daAuts
     D:2: 1351 daAuts
     D:1: 1288 daAuts
     D:6: 1192 daAuts
     D:7: 875 daAuts
     D:5: 683 daAuts
     D:8: 590 daAuts
     D:9: 528 daAuts
     D:4: 517 daAuts
    D:10: 257 daAuts
  Temple: 206 daAuts
